 Dungeon Crawl Stone Soup version 0.24.0-1-gfbc8707122 (console) character file.

Game seed: 8793963633665719686, levelgen mode: deterministic

921 AlterAsc the Thaumaturge (level 7, 0/36 HPs)
             Began as a Deep Elf Conjurer on Oct 26, 2019.
             Slain by an ice beast (2 damage)
             ... on level 5 of the Dungeon.
             The game lasted 00:28:16 (4592 turns).

AlterAsc the Thaumaturge (Deep Elf Conjurer)        Turns: 4592, Time: 00:28:17

Health: 0/36       AC:  2    Str:  5    XL:     7   Next: 84%
Magic:  13/20      EV: 15    Int: 22    God:
Gold:   198        SH:  0    Dex: 15    Spells: 15/22 levels left

rFire    . . .     SeeInvis .   q - +0 dagger
rCold    . . .     Gourm    .   (no shield)
rNeg     . . .     Faith    .   a - +0 robe
rPois    +         Spirit   .   (no helmet)
rElec    .         Reflect  .   (no cloak)
rCorr    .         Harm     .   (no gloves)
MR       .....                  (no boots)
Stlth    ++........             g - amulet of regeneration
HPRegen  0.52/turn              d - ring of flight
MPRegen  0.17/turn              C - ring of poison resistance

@: no status effects
A: no striking features
a: Evoke Flight


You were on level 5 of the Dungeon.
You were not hungry.

You visited 1 branch of the dungeon, and saw 5 of its levels.
You also visited: Sewer.

You collected 198 gold pieces.

Inventory:

Hand Weapons
 i - a +0 hunting sling
 j - a +0 club
 o - a +0 dagger
 q - a +0 dagger (weapon)
 w - a +0 hand crossbow of velocity
 A - a +0 scimitar
Missiles
 m - 79 bolts
 B - 20 arrows
 H - 14 stones (quivered)
 I - 85 sling bullets
Armour
 a - a +0 robe (worn)
Jewellery
 d - a ring of flight (left hand)
 g - an amulet of regeneration (around neck)
 C - a ring of poison resistance (right hand)
 J - an uncursed ring of fire {unknown}
Wands
 O - a wand of polymorph (8)
Scrolls
 b - 3 scrolls of teleportation
 e - a scroll of enchant weapon {unknown}
 f - 2 scrolls of remove curse {unknown}
 l - 3 scrolls of enchant armour {unknown}
 r - a scroll of noise {unknown}
 t - a scroll of identify
 x - a scroll of acquirement {unknown}
 y - a scroll of summoning {unknown}
 E - a scroll of blinking {unknown}
 G - a scroll of fear {unknown}
 K - a scroll of magic mapping {unknown}
 L - a scroll of fog {unknown}
Potions
 h - a potion of cancellation {unknown}
 k - 5 potions of flight
 n - 3 potions of ambrosia {unknown}
 p - 3 potions of curing {unknown}
 s - 2 potions of agility {unknown}
 u - a potion of haste {unknown}
 v - a potion of invisibility {unknown}
 z - 2 potions of brilliance {unknown}
 D - a potion of berserk rage {unknown}
 F - a potion of heal wounds {unknown}
 M - 2 potions of might {unknown}
Comestibles
 c - 9 rations
 N - a chunk of flesh


   Skills:
 + Level 5.2 Dodging
 - Level 3.0 Stealth
 * Level 8.0 Spellcasting
 * Level 7.5 Conjurations


You had 15 spell levels left.
You knew the following spells:

 Your Spells              Type           Power        Failure   Level  Hunger
a - Magic Dart            Conj           ####         1%          1    None
b - Searing Ray           Conj           #####.       1%          2    None
c - Iskenderun's Mystic   Conj           #####...     3%          4    ###....

Your spell library contained the following spells:

 Spells                   Type           Power        Failure   Level  Hunger
 Dazzling Spray           Conj/Hex       ####..       4%          3    None
 Force Lance              Conj/Tloc      ####....     16%         4    ###....
 Fulminant Prism          Conj/Hex       ####......   16%         4    ###....


Dungeon Overview and Level Annotations

Branches:
Dungeon (5/15)              Sewer (visited)
 Temple: D:4-7

Altars:

Annotations:
D:5 1 transporter


Message History

(Press . to maintain the ray.)
The searing ray misses the ice beast.
The searing ray misses the ice beast.
The ice beast hits you. The ice beast freezes you!
The searing ray hits the ice beast!
The ice beast is severely wounded.
You finish channeling your searing ray.
The ice beast hits you. The ice beast freezes you.
Casting: Searing Ray (safe; 1% risk of failure)
Confirm with . or Enter, or press ? or * to list all spells.
Aiming: Searing Ray (safe; 1% risk of failure)
Press: ? - help, Shift-Dir - straight line, p - ice beast The searing ray misses the ice beast. (Press . to maintain the ray.)
The ice beast hits you. The ice beast freezes you!
* * * LOW HITPOINT WARNING * * *
The searing ray hits the ice beast.
The ice beast is severely wounded.
The ice beast hits you.
You die...

..## ..... .## .....
...# .....#### #..##
........# #...###
#######.# #...#.#
.o5#P8#.# #...#.###
≈≈≈#.P#Y######.......#
≈..#..#@...........#
≈..+/©#©..####.....# #
≈..#..#..## ###..## ..
≈≈≈#.P#.## #..## .#
.55#P8#.# #...# #.#
#######.# #...##...
........# ##......#
######### #.....#.#
######## #....##


You could see an ice beast, an orc priest and 3 shadow imps.

Vanquished Creatures
  Grinder (Sewer)
  An ice beast (D:5)
  A phantom (Sewer)
  2 big kobolds (Sewer)
  A howler monkey (D:4)
  An orc priest (D:3)
  Jessica (D:2)
  An orc wizard (D:4)
  A worker ant (D:4)
  2 big kobold zombies (Sewer)
  3 gnolls (D:3)
  4 adders
  A shadow imp (Sewer)
  2 oozes (Sewer)
  An adder skeleton (D:4)
  2 dart slugs (D:2)
  2 worms (D:3)
  A leopard gecko (D:4)
  10 orcs
  14 bats
  8 giant cockroaches
  8 goblins
  9 hobgoblins
  6 jackals
  27 kobolds
  A quokka (D:3)
  A ball python (D:1)
  A ball python skeleton (D:4)
  5 frilled lizards
  A kobold zombie (Sewer)
  A leopard gecko skeleton (D:4)
  A quokka skeleton (D:4)
  13 rats
134 creatures vanquished.

Vanquished Creatures (others)
  5 toadstools (D:1)
5 creatures vanquished.

Grand Total: 139 creatures vanquished

Notes
Turn   | Place    | Note
-------+----------+-------------------------------------------
     0 | D:1      | AlterAsc the Deep Elf Conjurer began the quest for the Orb.
     0 | D:1      | Reached XP level 1. HP: 10/10 MP: 6/6
   266 | D:1      | Reached XP level 2. HP: 15/15 MP: 2/8
   959 | D:1      | Reached XP level 3. HP: 19/19 MP: 7/10
  1095 | D:1      | Learned a level 2 spell: Searing Ray
  1455 | D:2      | Noticed Jessica
  1459 | D:2      | Killed Jessica
  1459 | D:2      | Reached skill level 4 in Spellcasting
  1459 | D:2      | Reached skill level 5 in Conjurations
  1459 | D:2      | Reached XP level 4. HP: 24/24 MP: 7/12
  2081 | D:3      | Reached XP level 5. HP: 16/28 MP: 2/14
  2195 | D:3      | Found a glowing drain.
  2200 | D:3      | Reached skill level 5 in Spellcasting
  2209 | Sewer    | Entered a sewer
  2667 | Sewer    | Reached XP level 6. HP: 12/32 MP: 2/16
  2808 | Sewer    | Found an ancient bone altar of Kikubaaqudgha.
  2832 | Sewer    | Reached skill level 6 in Spellcasting
  2938 | Sewer    | Noticed Grinder
  2949 | Sewer    | Killed Grinder
  2949 | Sewer    | Reached skill level 7 in Spellcasting
  2949 | Sewer    | Reached XP level 7. HP: 16/36 MP: 6/19
  3315 | D:3      | Learned a level 4 spell: Iskenderun's Mystic Blast
  3499 | D:3      | Found a faded altar of an unknown god.
  4014 | D:4      | Reached skill level 5 in Dodging
  4463 | D:5      | Entered Level 5 of the Dungeon
  4474 | D:5      | Reached skill level 8 in Spellcasting
  4576 | D:5      | Found a transporter.
  4592 | D:5      | Slain by an ice beast

Levels and vault maps discovered:
D:1:      ldierk_walled_garden, layout_loops_corners, serial_forest,
          infiniplex_forest_end_1, infiniplex_forest_straight_5,
          infiniplex_forest_straight_2, infiniplex_forest_lined_room_3,
          infiniplex_forest_straight_4, infiniplex_forest_clump_small,
          infiniplex_forest_clump_diagonal, minivault_26
D:2:      layout_loops_cross, first_ration, uniq_jessica
D:3:      layout_loops_ring, portal_sewer_entry_d,
          chequers_ecumenical_altar_grove, chequers_serial_rivers_marsh,
          minmay_fountain_box
D:4:      layout_rooms
D:5:      gammafunk_wand_slinger, layout_basic, temple_hall, basic_altar,
          okawaru_trees_2

Skill      XL: |  1  2  3  4  5  6  7 |
---------------+----------------------+-----
Stealth        | 3 |  3.0
Dodging        | 3 4 5 |  5.2
Spellcasting   | 4 5 7 8 |  8.0
Conjurations   | 5 6 7 |  7.5

Action                   |  1- 3 |  4- 6 |  7- 9 || total
-------------------------+-------+-------+-------++-------
Melee: Unarmed           |     2 |       |       ||     2
 Cast: Magic Dart        |    73 |   105 |    76 ||   254
       Searing Ray       |     2 |    10 |    11 ||    23
       Iskenderun's Myst |       |       |     2 ||     2
  Use: Scroll            |       |       |     3 ||     3
  Eat: Chunk             |     2 |     2 |     4 ||     8
       Ration            |       |     1 |       ||     1
Armor: Robe              |     3 |     3 |     4 ||    10
Dodge: Dodged            |    26 |    13 |    20 ||    59
